General information
			
			
        
        - name: BNet
 
        - type: Ladder team game (AT/RT)
 
        - host: Battle.net
 
        - saver: gandalfs_ghosts
 
        
map: Slalom 
        - players: 8
 
        - length: 45:20
 
        - speed: Fast
 - version: 1.22 W3XP
 - replay type:  Public
 
» download(176 KB)
Players
        team 1 (loser) 
              
              
» 
itT (
red | 32 APM | 1397 actions | 43:40)
              
 7 Crypt Lord 
 3 Impale
 3 Spiked Carapace
 1 Locust Swarm
 
                » actions 
                
                | Assign group hotkey | 50 |  | 
| Build / train | 64 |  | 
| ESC pressed | 2 |  | 
| Enter build submenu | 20 |  | 
| Enter hero's abilities submenu | 7 |  | 
| Give item / drop item | 1 |  | 
| Remove unit from queue | 1 |  | 
| Right click | 575 |  | 
| Select / deselect | 266 |  | 
| Select group hotkey | 379 |  | 
| Use ability | 32 |  | 
                1397 total
 » units 
                
                | Acolyte | 13 |  | 
| Ghoul | 14 |  | 
| Crypt Fiend | 5 |  | 
| Frost Wyrm | 4 |  | 
| Gargoyle | 4 |  | 
                40 total
 » upgrades
                
                | Creature Carapace | 3 |  | 
| Creature Attack | 3 |  | 
| Web | 1 |  | 
| Freezing Breath | 1 |  | 
                8 total
 » buildings
                
                | Crypt | 2 |  | 
| Altar of Darkness | 1 |  | 
| Ziggurat | 9 |  | 
| Nerubian Tower | 1 |  | 
| Graveyard | 1 |  | 
| Halls of the Dead | 2 |  | 
| Tomb of Relics | 1 |  | 
| Spirit Tower | 1 |  | 
| Black Citadel | 1 |  | 
| Sacrificial Pit | 1 |  | 
| Boneyard | 3 |  | 
                23 total
 » build order
                00:12 Crypt
00:16 Altar of Darkness
00:29 Ziggurat
01:45 Crypt
01:52 Ziggurat
02:04 Ziggurat
02:42 Ziggurat
04:41 Nerubian Tower
04:57 Graveyard
06:12 Halls of the Dead
07:18 Halls of the Dead
07:34 Tomb of Relics
08:16 Ziggurat
08:19 Ziggurat
08:22 Ziggurat
09:15 Spirit Tower
09:40 Black Citadel
10:08 Sacrificial Pit
12:20 Boneyard
12:31 Boneyard
12:34 Boneyard
16:00 Ziggurat
16:02 Ziggurat
» items
                
                | Potion of Healing | 1 |  | 
| Scroll of Town Portal | 1 |  | 
                2 total
  
               
              
              
cneto (
purple | 49 APM | 1884 actions | 38:30)
              
 3 Blademaster 
 1 Wind Walk
 2 Critical Strike
 
                » actions 
                
                | Assign group hotkey | 36 |  | 
| Build / train | 83 |  | 
| Enter build submenu | 35 |  | 
| Enter hero's abilities submenu | 3 |  | 
| Give item / drop item | 6 |  | 
| Remove unit from queue | 3 |  | 
| Right click | 591 |  | 
| Select / deselect | 391 |  | 
| Select group hotkey | 653 |  | 
| Use ability | 79 |  | 
                1884 total
 » units 
                
                | Peon | 27 |  | 
| Grunt | 5 |  | 
| Shaman | 10 |  | 
| Tauren | 3 |  | 
| Spirit Walker | 1 |  | 
| Troll Batrider | 10 |  | 
                56 total
 » upgrades
                
                | Pillage | 1 |  | 
| Armor | 2 |  | 
| Berserker Strength | 1 |  | 
| Shaman Training | 2 |  | 
| Pulverize | 1 |  | 
| Spirit Walker Training | 2 |  | 
                9 total
 » buildings
                
                | Orc Burrow | 11 |  | 
| Altar of Storms | 3 |  | 
| Barracks | 1 |  | 
| Voodoo Lounge | 1 |  | 
| Stronghold | 2 |  | 
| War Mill | 2 |  | 
| Fortress | 1 |  | 
| Spirit Lodge | 2 |  | 
| Great Hall | 2 |  | 
| Tauren Totem | 2 |  | 
| Beastiary | 3 |  | 
                30 total
 » build order
                00:13 Orc Burrow
00:19 Altar of Storms
00:48 Barracks
01:41 Voodoo Lounge
01:52 Orc Burrow
04:12 Stronghold
04:34 Orc Burrow
04:53 War Mill
05:00 War Mill
07:12 Fortress
07:59 Spirit Lodge
08:07 Spirit Lodge
08:59 Great Hall
10:06 Orc Burrow
10:11 Orc Burrow
11:17 Tauren Totem
11:22 Tauren Totem
12:45 Orc Burrow
14:13 Orc Burrow
17:22 Beastiary
19:00 Orc Burrow
19:48 Orc Burrow
23:30 Beastiary
24:54 Great Hall
27:56 Orc Burrow
28:00 Orc Burrow
28:53 Altar of Storms
28:59 Altar of Storms
29:34 Stronghold
32:01 Beastiary
» items
                
                | Healing Salve | 3 |  | 
| Boots of Speed | 1 |  | 
| Circlet of Nobility | 2 |  | 
| Periapt of Vitality | 1 |  | 
| Orb of Lightning | 1 |  | 
                8 total
  
               
              
              
» 
drest (
pink | 18 APM | 696 actions | 38:40)
              
 4 Lich 
 2 Frost Nova
 2 Frost Armor
 2 Death Knight 
 1 Death Coil
 1 Unholy Aura
 
                » actions 
                
                | Assign group hotkey | 19 |  | 
| Basic commands | 41 |  | 
| Build / train | 44 |  | 
| Enter build submenu | 24 |  | 
| Enter hero's abilities submenu | 6 |  | 
| Give item / drop item | 1 |  | 
| Remove unit from queue | 1 |  | 
| Right click | 156 |  | 
| Select / deselect | 250 |  | 
| Select group hotkey | 107 |  | 
| Use ability | 39 |  | 
                696 total
 » units 
                
                | Acolyte | 8 |  | 
| Ghoul | 5 |  | 
| Crypt Fiend | 9 |  | 
| Frost Wyrm | 4 |  | 
                26 total
 » upgrades
                
                | Creature Attack | 3 |  | 
| Creature Carapace | 2 |  | 
| Web | 1 |  | 
| Freezing Breath | 1 |  | 
                7 total
 » buildings
                
                | Crypt | 1 |  | 
| Ziggurat | 12 |  | 
| Altar of Darkness | 1 |  | 
| Graveyard | 1 |  | 
| Halls of the Dead | 1 |  | 
| Black Citadel | 1 |  | 
| Sacrificial Pit | 1 |  | 
| Boneyard | 3 |  | 
| Necropolis | 1 |  | 
                22 total
 » build order
                00:11 Crypt
00:15 Ziggurat
00:37 Altar of Darkness
01:16 Graveyard
02:17 Halls of the Dead
02:37 Ziggurat
03:35 Ziggurat
04:42 Ziggurat
04:48 Black Citadel
06:05 Sacrificial Pit
07:00 Ziggurat
09:03 Boneyard
09:08 Boneyard
09:11 Boneyard
14:36 Ziggurat
14:39 Ziggurat
14:41 Ziggurat
14:44 Ziggurat
17:24 Ziggurat
17:27 Ziggurat
17:30 Ziggurat
26:08 Necropolis
 
               
              
              
gandalfs_ghosts (
teal | 45 APM | 2059 actions | 45:20)
              
 9 Archmage 
 3 Blizzard
 3 Brilliance Aura
 1 Mass Teleport
 2 Summon Water Elemental
 
                » actions 
                
                | Assign group hotkey | 53 |  | 
| Basic commands | 154 |  | 
| Build / train | 98 |  | 
| ESC pressed | 18 |  | 
| Enter build submenu | 82 |  | 
| Enter hero's abilities submenu | 8 |  | 
| Give item / drop item | 2 |  | 
| Remove unit from queue | 2 |  | 
| Right click | 559 |  | 
| Select / deselect | 405 |  | 
| Select group hotkey | 523 |  | 
| Use ability | 155 |  | 
                2059 total
 » units 
                
                | Peasant | 25 |  | 
| Gryphon Rider | 14 |  | 
| Siege Engine | 7 |  | 
| Rifleman | 2 |  | 
| Mortar Team | 2 |  | 
                50 total
 » upgrades
                
                | Lumber Harvesting | 2 |  | 
| Swords | 3 |  | 
| Animal War Training | 1 |  | 
| Storm Hammers | 1 |  | 
| Masonry | 3 |  | 
| Armor | 1 |  | 
| Gunpowder | 2 |  | 
| Plating | 2 |  | 
| Barrage | 1 |  | 
                16 total
 » buildings
                
                | Altar of Kings | 1 |  | 
| Farm | 15 |  | 
| Blacksmith | 1 |  | 
| Lumber Mill | 1 |  | 
| Keep | 1 |  | 
| Town Hall | 5 |  | 
| Castle | 1 |  | 
| Gryphon Aviary | 3 |  | 
| Barracks | 1 |  | 
| Scout Tower | 52 |  | 
| Guard Tower | 13 |  | 
| Workshop | 6 |  | 
                100 total
 » build order
                00:26 Altar of Kings
00:28 Farm
01:20 Farm
01:53 Blacksmith
02:01 Lumber Mill
02:04 Farm
04:07 Keep
04:12 Town Hall
04:24 Town Hall
06:53 Castle
07:25 Gryphon Aviary
07:26 Gryphon Aviary
07:26 Gryphon Aviary
07:30 Farm
07:30 Farm
08:00 Barracks
08:04 Farm
08:04 Farm
08:04 Farm
10:01 Farm
10:01 Farm
10:02 Farm
10:42 Farm
10:43 Farm
10:43 Farm
12:45 Scout Tower
12:45 Scout Tower
12:46 Scout Tower
12:47 Scout Tower
12:48 Scout Tower
12:48 Scout Tower
12:49 Scout Tower
12:50 Scout Tower
12:51 Scout Tower
12:51 Scout Tower
12:57 Scout Tower
12:58 Scout Tower
13:04 Scout Tower
13:05 Scout Tower
13:05 Scout Tower
13:05 Scout Tower
13:06 Scout Tower
13:06 Scout Tower
13:24 Guard Tower
13:39 Guard Tower
14:45 Guard Tower
14:51 Guard Tower
14:55 Scout Tower
14:55 Scout Tower
15:03 Scout Tower
15:03 Scout Tower
15:04 Scout Tower
15:04 Scout Tower
15:08 Scout Tower
15:09 Scout Tower
15:09 Scout Tower
15:10 Scout Tower
15:11 Scout Tower
15:11 Scout Tower
15:12 Scout Tower
15:58 Guard Tower
16:17 Guard Tower
16:18 Scout Tower
16:19 Scout Tower
16:51 Guard Tower
16:54 Guard Tower
16:58 Guard Tower
17:01 Scout Tower
17:02 Scout Tower
17:36 Scout Tower
17:37 Scout Tower
17:37 Scout Tower
17:38 Scout Tower
17:40 Scout Tower
17:40 Scout Tower
17:44 Scout Tower
17:44 Scout Tower
17:44 Scout Tower
17:45 Scout Tower
17:45 Scout Tower
17:51 Guard Tower
17:52 Scout Tower
17:52 Scout Tower
18:48 Guard Tower
18:50 Scout Tower
18:51 Scout Tower
19:39 Guard Tower
19:43 Guard Tower
19:45 Scout Tower
19:46 Scout Tower
20:56 Workshop
20:57 Workshop
20:58 Workshop
21:00 Workshop
21:02 Workshop
21:10 Workshop
27:49 Town Hall
30:14 Town Hall
39:11 Town Hall
» items
                
                | Boots of Speed | 1 |  | 
| Staff of Teleportation | 1 |  | 
                2 total
  
               team 2 (winner) 
              
              
              
» 
YaOtL (
green | 0 APM | 0 actions | 00:04)
              
               
              
              
Patrocles (
blue | 39 APM | 7 actions | 00:10)
              
               
              
              
acrid.milk (
yellow | 51 APM | 2334 actions | 45:20)
              
 6 Archmage 
 2 Blizzard
 3 Brilliance Aura
 1 Mass Teleport
 7 Priestess of the Moon 
 1 Scout
 2 Trueshot Aura
 1 Starfall
 3 Searing Arrows
 11 Mountain King 
 3 Storm Bolt
 3 Bash
 3 Thunder Clap
 2 Avatar
 6 Paladin 
 2 Devotion Aura
 2 Divine Shield
 2 Holy Light
 
                » actions 
                
                | Assign group hotkey | 40 |  | 
| Basic commands | 95 |  | 
| Build / train | 288 |  | 
| ESC pressed | 25 |  | 
| Enter build submenu | 122 |  | 
| Enter hero's abilities submenu | 27 |  | 
| Give item / drop item | 3 |  | 
| Right click | 579 |  | 
| Select / deselect | 591 |  | 
| Select group hotkey | 363 |  | 
| Use ability | 201 |  | 
                2334 total
 » units 
                
                | Peasant | 41 |  | 
| Wisp | 21 |  | 
| Archer | 3 |  | 
| Footman | 7 |  | 
| Rifleman | 2 |  | 
| Flying Machine | 38 |  | 
| Chimaera | 19 |  | 
| Gryphon Rider | 42 |  | 
| Knight | 1 |  | 
                174 total
 » upgrades
                
                | Masonry | 5 |  | 
| Gunpowder | 3 |  | 
| Flak Cannons | 1 |  | 
| Lumber Harvesting | 6 |  | 
| Flying Machine Bombs | 1 |  | 
| Plating | 3 |  | 
| Animal War Training | 2 |  | 
| Swords | 6 |  | 
| Armor | 4 |  | 
| Corrosive Breath | 1 |  | 
| Storm Hammers | 2 |  | 
| Strength of the Wild | 2 |  | 
| Reinforced Hides | 2 |  | 
| Cloud | 1 |  | 
                39 total
 » buildings
                
                | Altar of Kings | 6 |  | 
| Farm | 44 |  | 
| Altar of Elders | 2 |  | 
| Moon Well | 10 |  | 
| Lumber Mill | 4 |  | 
| Arcane Vault | 2 |  | 
| Scout Tower | 3 |  | 
| Barracks | 3 |  | 
| Ancient of War | 1 |  | 
| Ancient of Wonders | 1 |  | 
| Blacksmith | 3 |  | 
| Guard Tower | 5 |  | 
| Keep | 6 |  | 
| Tree of Ages | 1 |  | 
| Ancient of Wind | 1 |  | 
| Tree of Eternity | 1 |  | 
| Castle | 3 |  | 
| Town Hall | 5 |  | 
| Hunter's Hall | 1 |  | 
| Chimaera Roost | 4 |  | 
| Workshop | 3 |  | 
| Gryphon Aviary | 10 |  | 
| Tree of Life | 3 |  | 
                122 total
 » build order
                00:54 Altar of Kings
00:57 Farm
01:04 Altar of Elders
01:06 Moon Well
01:33 Altar of Kings
01:35 Farm
01:38 Lumber Mill
01:41 Arcane Vault
01:44 Scout Tower
01:50 Barracks
02:06 Ancient of War
02:14 Ancient of Wonders
02:19 Moon Well
02:25 Moon Well
02:33 Altar of Kings
02:39 Farm
02:43 Blacksmith
02:47 Barracks
02:53 Barracks
03:01 Farm
03:29 Guard Tower
03:29 Guard Tower
03:29 Guard Tower
03:41 Farm
03:43 Farm
03:45 Farm
03:46 Farm
03:56 Scout Tower
03:57 Scout Tower
04:07 Farm
04:08 Farm
04:14 Keep
04:17 Keep
04:22 Keep
04:22 Keep
04:27 Tree of Ages
04:47 Guard Tower
05:36 Farm
05:37 Farm
06:03 Farm
06:04 Farm
06:06 Farm
06:08 Farm
06:09 Farm
06:26 Blacksmith
06:33 Farm
06:36 Farm
06:38 Farm
06:45 Moon Well
06:49 Moon Well
06:51 Moon Well
06:57 Ancient of Wind
07:26 Tree of Eternity
08:22 Arcane Vault
08:27 Blacksmith
08:34 Castle
08:47 Castle
09:14 Town Hall
09:21 Castle
09:33 Hunter's Hall
09:51 Chimaera Roost
09:54 Chimaera Roost
09:57 Chimaera Roost
09:58 Chimaera Roost
10:03 Workshop
10:04 Workshop
10:07 Workshop
10:19 Lumber Mill
10:21 Farm
12:20 Gryphon Aviary
12:23 Gryphon Aviary
12:26 Gryphon Aviary
12:29 Gryphon Aviary
12:58 Tree of Life
13:36 Lumber Mill
13:50 Farm
13:54 Farm
14:32 Moon Well
14:37 Moon Well
14:37 Moon Well
15:28 Gryphon Aviary
15:28 Gryphon Aviary
15:29 Gryphon Aviary
15:34 Gryphon Aviary
15:36 Gryphon Aviary
15:39 Gryphon Aviary
17:07 Farm
17:07 Farm
17:07 Farm
17:08 Farm
17:09 Farm
17:09 Farm
17:10 Farm
17:11 Farm
18:44 Farm
18:45 Farm
18:46 Farm
18:48 Farm
18:51 Farm
18:51 Farm
22:50 Farm
22:51 Farm
22:51 Farm
22:52 Farm
24:37 Tree of Life
26:44 Town Hall
27:27 Town Hall
30:23 Town Hall
37:56 Tree of Life
38:46 Keep
38:47 Altar of Kings
38:53 Farm
39:21 Altar of Elders
39:24 Moon Well
39:36 Town Hall
39:40 Altar of Kings
39:42 Farm
39:44 Lumber Mill
40:38 Altar of Kings
40:41 Farm
43:30 Keep
» items
                 
                Chat log
          (00:11 / 10) gandalfs_ghosts: defensive gryphondores
(00:18 / 10) gandalfs_ghosts: or u can just mass ranged
(00:20 / 10) gandalfs_ghosts: lol ok 
(00:22 / 10) gandalfs_ghosts: u mass ranged 4 bases
(00:24 / All) cneto: gg
(00:27 / All) cneto: leave
(00:40 / All) acrid.milk: wow
(00:55 / Allies) itT: jus quit and restart
(01:04 / All) itT: just quit and restart
(01:09 / All) gandalfs_ghosts: ive 1v4, u can if u fight hard
(01:10 / All) cneto: please dont waste our time
(01:20 / All) acrid.milk: NO
(01:26 / All) acrid.milk: I WILL FINISH WITH HONOR
(01:34 / Allies) cneto: rush them
(01:42 / 10) gandalfs_ghosts: "rush them"
(01:46 / Allies) cneto: lets win it fast
(02:22 / 10) gandalfs_ghosts: on turtle isles you can creep a red spot with level 1 AM and 2 critters
(02:38 / Allies) gandalfs_ghosts: clear mine with me pls
(02:52 / Allies) gandalfs_ghosts: ill bring milta in asecond
(03:13 / 10) gandalfs_ghosts: miltia on way
(03:17 / Allies) gandalfs_ghosts: milita on way
(03:19 / 10) gandalfs_ghosts: oops
(04:56 / 10) gandalfs_ghosts: 23/24 food...
(09:21 / 10) gandalfs_ghosts: massin g air?
(09:23 / Allies) cneto: what units ?
(09:29 / Allies) gandalfs_ghosts: air
(11:28 / 10) gandalfs_ghosts: pump air now
(11:30 / 10) gandalfs_ghosts: ur roosts done
(11:32 / Allies) cneto: lumber plz
(12:32 / 10) gandalfs_ghosts: better build soon
(12:34 / 10) gandalfs_ghosts: we have wyrms up now
(13:24 / Allies) drest: get some dragonhawks to disable towers
(14:21 / Allies) itT: no
(14:22 / Allies) itT: wtf
(14:27 / 10) gandalfs_ghosts: u move after i cast
(14:32 / Allies) cneto: what ?
(14:40 / Allies) gandalfs_ghosts: he moved into blizz after i cast it 
(15:12 / Allies) itT: uve been casting on my men since start
(15:22 / Allies) gandalfs_ghosts: wanna fight about it?
(15:23 / Allies) cneto: meet
(15:31 / Allies) itT: nah, kids fight
(15:49 / 10) gandalfs_ghosts: inc wyrms
(16:22 / Allies) itT: why?
(16:28 / Allies) gandalfs_ghosts: cus of ur tough talk
(16:33 / 10) gandalfs_ghosts: im tking now
(16:40 / 10) gandalfs_ghosts: or should i not
(16:42 / Allies) drest: uh oh
(16:58 / Allies) drest: I hope you took him serious
(17:13 / 10) gandalfs_ghosts: lol nice gyros
(17:19 / 10) gandalfs_ghosts: bring oranges gyrphs
(18:08 / 10) gandalfs_ghosts: pump bnlue units
(18:10 / 10) gandalfs_ghosts: hes low fod
(18:21 / 10) gandalfs_ghosts: orange is food limit
(18:28 / 10) gandalfs_ghosts: you can kill us with what you have now anyway tho
(18:57 / Allies) gandalfs_ghosts: meet top
(19:02 / Allies) gandalfs_ghosts: we must stand together or fall apart
(19:21 / Allies) cneto: lets meet plz
(19:37 / Allies) cneto: here
(19:37 / Allies) cneto: plz
(20:11 / All) gandalfs_ghosts: FOR KHAZ MODANN
(20:35 / 10) gandalfs_ghosts: lol
(20:48 / Allies) itT: tanks teal
(20:49 / Allies) cneto: fuck
(20:51 / Allies) gandalfs_ghosts: i knew i shoulda gone tanks
(20:53 / Allies) cneto: where ar the webs
(20:58 / All) drest: i say gg mate
(21:36 / Allies) drest: had web but 45 gyros are hard to tie down
(21:46 / Allies) gandalfs_ghosts: he had more than 45
(21:59 / 10) gandalfs_ghosts: wipe them all out and let me mass tanks in teh meantime
(22:23 / Allies) gandalfs_ghosts: res pls for tanks
(22:58 / Allies) gandalfs_ghosts: pool me gold
(23:02 / Allies) gandalfs_ghosts: we need tanks and not much else
(23:07 / Allies) gandalfs_ghosts: def. dont need air or melee
(23:25 / Allies) itT: upgrade em
(23:26 / 10) gandalfs_ghosts: now purps base
(23:28 / 10) gandalfs_ghosts: then aroudn to pink
(24:23 / All) cneto: stupid team
(24:36 / All) cneto: gj teal
(24:43 / 10) gandalfs_ghosts: fly useless around my tanks in a ltitle bit afte rpinsk dead
(25:10 / Allies) itT: fight near towers
(25:17 / 10) gandalfs_ghosts: feed me
(25:41 / 10) gandalfs_ghosts: back to tanks
(25:42 / 10) gandalfs_ghosts: not twer
(26:13 / 10) gandalfs_ghosts: outa gold
(26:22 / Allies) itT: back near towers
(26:45 / 10) gandalfs_ghosts: need 50 gold for expo
(26:47 / 10) gandalfs_ghosts: or 100 for hero
(26:55 / 10) gandalfs_ghosts: let me wipe out a lot of town
(26:58 / 10) gandalfs_ghosts: my allies have nothing
(27:09 / Allies) gandalfs_ghosts: need gold for hero or expo
(27:46 / Allies) cneto: cancel
(28:13 / 10) gandalfs_ghosts: let me wipe all ur mains
(28:17 / 10) gandalfs_ghosts: to get their hopes up
(28:30 / Allies) cneto: main plz
(29:12 / Allies) itT: harvest for teal purp
(29:17 / Allies) itT: give em gold
(29:38 / Allies) itT: make gryphs
(29:46 / Allies) gandalfs_ghosts: $$$
(30:31 / Allies) itT: u can teleport right?
(30:35 / Allies) itT: spread those tanks
(30:54 / 10) gandalfs_ghosts: u migh twana kill purp
(30:59 / 10) gandalfs_ghosts: hes raising level 3 bm
(31:26 / 9) acrid.milk: lol
(31:28 / 9) acrid.milk: color purple
(31:31 / 9) acrid.milk: active camoflauge
(31:34 / Allies) cneto: upgrade tanks
(31:35 / Allies) itT: blizz those towers
(31:40 / 9) acrid.milk: i didnt even know he was there
(32:10 / Allies) itT: tp
(32:21 / Allies) gandalfs_ghosts: what my hero?
(32:23 / Allies) gandalfs_ghosts: irts archmage...
(32:24 / 9) acrid.milk: lol starfall on one thing
(32:24 / Allies) itT: give teal gold
(32:29 / Allies) gandalfs_ghosts: vs two level 7 mks
(32:45 / Allies) itT: make gryphs
(33:00 / Allies) cneto: use gold teal
(33:01 / 9) acrid.milk: how do you think this would have gone if you had tried?
(33:07 / Allies) itT: tp
(33:18 / 10) gandalfs_ghosts: if i had gone tanks from start maybe id have a chance
(33:22 / 9) acrid.milk: one the one hand id have to fight a million tanks
(33:24 / 10) gandalfs_ghosts: ui really had adv tho
(33:39 / 9) acrid.milk: also you would have had to rally your retards
(33:44 / 9) acrid.milk: everyone creep here
(33:46 / 9) acrid.milk: a million pings
(33:47 / 9) acrid.milk: now
(33:52 / 9) acrid.milk: ten minutes later they come
(33:57 / Allies) gandalfs_ghosts: i would constnalty be tryign to get them to group, u woudl just have to fly 400 air around tanks to rape 50 rfood of shamans
(34:02 / 10) gandalfs_ghosts: oops
(34:04 / 10) gandalfs_ghosts: said soething to allies
(34:06 / Allies) cneto: kill wisps
(34:16 / Allies) cneto: or he rebuild
(34:56 / Allies) gandalfs_ghosts: oh shit guys brb my dads yelling at me
(34:59 / 10) gandalfs_ghosts: im pretending afk now
(35:05 / Allies) itT: give control
(35:19 / 9) acrid.milk: should i kill your stuff or what
(35:23 / 10) gandalfs_ghosts: yeah
(35:31 / Allies) drest: lol
(35:38 / 10) gandalfs_ghosts: keep ur air away from mass tnaks
(35:39 / Allies) drest: guess we lose
(35:44 / Allies) cneto: nah
(35:46 / Allies) cneto: not yet
(36:03 / Allies) drest: he left the keyboard
(36:20 / 10) gandalfs_ghosts: ehal
(36:21 / 10) gandalfs_ghosts: heal
(36:27 / Allies) drest: lol
(36:30 / 10) gandalfs_ghosts: lol shileld and aura
(36:36 / Allies) drest: oh no
(36:52 / Allies) drest: ....
(37:16 / All) drest: our guy left his keyboard
(37:23 / 10) gandalfs_ghosts: say yeah right noobs
(37:30 / All) acrid.milk: yeah right noobs
(37:31 / 10) gandalfs_ghosts: then rub 1v4 in their faces
(37:38 / 10) gandalfs_ghosts: "l2p"
(37:40 / All) acrid.milk: i bet youre controlling htem right now
(37:41 / All) acrid.milk: l2p
(37:47 / All) acrid.milk: you guys suck way to lose 1v4
(37:51 / 10) gandalfs_ghosts: klol
(37:58 / All) itT: does it look like we're controlling him?
(38:02 / All) acrid.milk: yes
(38:08 / All) acrid.milk: thats what your units looked like
(38:10 / All) acrid.milk: to me
(38:15 / All) acrid.milk: when i saw you managing them
(38:19 / 10) gandalfs_ghosts: i kind of want to come back when its too late
(38:28 / 10) gandalfs_ghosts: but if i pumped gryphs now it would be hard to lose
(38:32 / Allies) itT: he just afk like 3 mins ago
(38:37 / 10) gandalfs_ghosts: back
(38:38 / Allies) gandalfs_ghosts: back
(38:49 / Allies) itT: make men!
(38:53 / Allies) itT: make hero
(39:13 / 9) acrid.milk: those fools dont even see how far ahead you are
(39:15 / Allies) itT: upgrade gryphs armor
(39:36 / All) gandalfs_ghosts: D
(39:53 / 10) gandalfs_ghosts: nah, i couldnt win now if i wanted to
(41:53 / Allies) itT: out
(41:57 / All) gandalfs_ghosts: gg
(42:00 / All) gandalfs_ghosts: the better man won
(42:01 / All) gandalfs_ghosts: 1v4
(42:08 / All) acrid.milk: fucking pwnt
(42:14 / All) gandalfs_ghosts: no need to be rude
(42:24 / All) acrid.milk: yes there is
(42:26 / All) acrid.milk: you deserve it
(42:29 / All) acrid.milk: especially red
(42:30 / All) gandalfs_ghosts: ...
(42:37 / All) gandalfs_ghosts: yeah red was bad
(42:37 / All) acrid.milk: i cant believe how you let all those frost wyrms toddle around
(42:41 / All) acrid.milk: out in the open
(42:42 / All) gandalfs_ghosts: without him we could have won probably
(42:44 / All) acrid.milk: all alone
(42:56 / All) acrid.milk: just barely not afk enough to make xp bags for me
(43:07 / All) acrid.milk: all my heros went up four levels from reds retarded escapade
(43:43 / All) gandalfs_ghosts: lol
(43:46 / All) acrid.milk: lol
(43:51 / All) gandalfs_ghosts: who gets win
(43:51 / All) acrid.milk: pretty fun game for me
(43:56 / All) acrid.milk: hmmm
(43:59 / All) gandalfs_ghosts: i didnt evne need to tk
(44:01 / All) acrid.milk: mine left right away
(44:05 / All) gandalfs_ghosts: once i saw u werent making t1
(44:07 / All) acrid.milk: but yours were retarded
(44:07 / All) gandalfs_ghosts: and we werent attking
(44:11 / All) gandalfs_ghosts: i knew you had won
(44:37 / All) acrid.milk: who wins
(44:51 / All) gandalfs_ghosts: call it odds or evens, then after the word put a number 1-5
(44:54 / All) acrid.milk: my allies didnt even say anything in the beginning
(44:56 / All) acrid.milk: they just left
(45:11 / 9) acrid.milk: odds 5
(45:12 / All) gandalfs_ghosts: 4
(45:17 / All) gandalfs_ghosts: ur team wins